 Dungeon Crawl Stone Soup version 0.24.1-1-gd1d2a07e1b (webtiles) character file.

Game seed: 8282647275743637084, levelgen mode: deterministic

65 Stormleaks the Gusty (level 3, -3/26 HPs)
             Began as a Draconian Air Elementalist on Apr 7, 2020.
             Was a Follower of Zin.
             Slain by a worm (9 damage)
             ... on level 2 of the Dungeon.
             The game lasted 00:15:24 (1693 turns).

Stormleaks the Gusty (Draconian Air Elementalist)   Turns: 1693, Time: 00:15:25

Health: -3/26      AC:  5    Str: 10    XL:     3   Next: 94%
Magic:  1/6        EV: 12    Int: 16    God:    Zin [*.....]
Gold:   19         SH:  0    Dex: 11    Spells: 2/6 levels left

rFire    + . .     SeeInvis .   (no weapon)
rCold    . . .     Gourm    .   (no shield)
rNeg     . . .     Faith    .   (armour unavailable)
rPois    .         Spirit   .   (helmet restricted)
rElec    .         Reflect  .   (no cloak)
rCorr    .         Harm     .   (no gloves)
MR       .....                  (no boots)
Stlth    ++........             (no amulet)
HPRegen  0.08/turn              g - ring of protection from fire
MPRegen  0.10/turn              (no ring)

@: no status effects
A: unfitting armour, cold-blooded, AC +5
a: Recite, Donate Gold, Renounce Religion


You were on level 2 of the Dungeon.
You worshipped Zin.
Zin was aware of your devotion.
You were hungry.

You visited 1 branch of the dungeon, and saw 2 of its levels.

You collected 88 gold pieces.
You donated 69 gold pieces to Zin.

Inventory:

Jewellery
 g - a ring of protection from fire (left hand)
Scrolls
 a - a scroll of identify
 d - a scroll of enchant armour
 f - a scroll of immolation {unknown}
Potions
 c - a potion of curing {unknown}
 e - a potion of degeneration {unknown}
 i - a potion of might {unknown}
 j - a potion of cancellation {unknown}
 k - a potion of mutation {unknown}
Comestibles
 b - 3 rations


   Skills:
 - Level 1.7 Dodging
 - Level 1.7 Stealth
 - Level 2.0 Spellcasting
 - Level 1.0 Conjurations
 * Level 4.8 Air Magic


You had 2 spell levels left.
You knew the following spells:

 Your Spells              Type           Power        Failure   Level  Hunger
a - Shock                 Conj/Air       ##..         6%          1    #......
b - Static Discharge      Conj/Air       ##......     19%         3    ###....

Your spell library contained the following spells:

 Spells                   Type           Power        Failure   Level  Hunger
 Swiftness                Chrm/Air       #.......     12%         2    ###....
 Airstrike                Air            ###.......   28%         4    #####..
 Lightning Bolt           Conj/Air       ##........   86%         5    ######.


Dungeon Overview and Level Annotations

Branches:
Dungeon (2/15)

Altars:
Zin


Innate Abilities, Weirdness & Mutations

Your plain brown scales are hard. (AC +5)
You cannot fit into any form of body armour.
You are cold-blooded and may be slowed by cold attacks.


Message History

You hit the worm but do no damage.
Your tail-slap misses the worm.
The worm is heavily wounded.
You hit the worm.
The worm is heavily wounded.
The worm completely misses you.
You hit the worm.
The worm is heavily wounded.
The worm bites you.
* * * LOW HITPOINT WARNING * * *
You barely miss the worm. You tail-slap the worm.
The worm is severely wounded.
You hit the worm.
The worm is almost dead.
The worm closely misses you.
You hit the worm but do no damage.
The worm is almost dead.
You hit the worm.
The worm is almost dead.
The worm bites you!
You die...

############ #...w......#
#.########.# #.# #.# #########
#.# #.# #####.......# #.# #.#
#.........#.# #.# #.#
#.###.###.#.# #.# #.# ##.# #.#
#)#.# #w# #.# ##@#.##.# #.#.#
#.# #.####w###.#.###.#.# #.#
#.....####.).##....# #)####
######..........>..# #....#
##...8.......## #......%..
#...8.8..#..###
...........####(.8._.8.##....
..................8.8.....###.
...........#####...8......##


You could see a worm.

Vanquished Creatures
  2 adders (D:2)
  2 oozes (D:1)
  2 dart slugs (D:1)
  A leopard gecko (D:1)
  A ball python (D:1)
  3 goblins
  4 hobgoblins
  5 kobolds (D:1)
  A quokka (D:2)
  8 bats
  3 frilled lizards (D:1)
  3 rats
35 creatures vanquished.

Notes
Turn   | Place    | Note
-------+----------+-------------------------------------------
     0 | D:1      | Stormleaks the Draconian Air Elementalist began the quest
                  | for the Orb.
     0 | D:1      | Reached XP level 1. HP: 14/14 MP: 3/3
   304 | D:1      | Reached XP level 2. HP: 5/20 MP: 0/5
   335 | D:1      | HP: 1/20 [ooze (3)]
   796 | D:1      | Reached skill level 4 in Air Magic
   883 | D:1      | Reached XP level 3. HP: 25/26 MP: 1/6
  1265 | D:1      | Learned a level 3 spell: Static Discharge
  1521 | D:2      | Found a faded altar of an unknown god.
  1549 | D:2      | Became a worshipper of Zin the Law-Giver
  1549 | D:2      | Reached * piety under Zin
  1558 | D:2      | Donated 41 gold pieces to Zin
  1559 | D:2      | Donated 20 gold pieces to Zin
  1693 | D:2      | Slain by a worm

Levels and vault maps discovered:
D:1:      evilmike_arrival_home_sweet_home, layout_rooms
D:2:      layout_loops_ring, chequers_ecumenical_altar_simple_redux,
          first_ration

Skill      XL: |  1  2 |
---------------+-------+-----
Air Magic      | 4 |  4.8
Dodging        | |  1.7
Stealth        | |  1.7
Spellcasting   | |  2.0
Conjurations   | |  1.0

Action                   || total
-------------------------++-------
Melee: Unarmed           ||    95
       Tailslap          ||     7
 Cast: Shock             ||    54
       Static Discharge  ||     3
Invok: Recite            ||     2
       Donate Gold       ||     2
  Use: Scroll            ||     6
 Stab: Sleeping          ||     3
  Eat: Ration            ||     1
Armor: Skin              ||    38
Dodge: Dodged            ||    94
